 Dungeon Crawl Stone Soup version 0.26-a0-67-g850bfe61e3 (webtiles) character file.

Game seed: 17459536569625714203

84 Gwenloh the Cutter (level 4, -1/27 HPs)
             Began as a Kobold Warper on June 13, 2020.
             Slain by an adder (4 damage)
             ... on level 4 of the Dungeon.
             The game lasted 00:13:39 (3228 turns).

Gwenloh the Cutter (Kobold Warper)                  Turns: 3228, Time: 00:13:39

Health: -1/27      AC:  6    Str:  8    XL:     4   Next: 74%
Magic:  6/8        EV: 15    Int: 15    God:
Gold:   177        SH:  5    Dex: 14    Spells: 1/8 levels left

rFire    . . .     SeeInvis .   a - +0 dagger
rCold    . . .     Gourm    .   (shield restricted)
rNeg     . . .     Faith    .   b - +0 leather armour
rPois    .         Spirit   .   (no helmet)
rElec    .         Reflect  +   (no cloak)
rCorr    .         Harm     .   n - +2 pair of gloves
MR       .....                  (no boots)
Stlth    ++++......             q - amulet of reflection
HPRegen  0.09/turn              w - ring of stealth
MPRegen  0.11/turn              y - ring of stealth

@: lethally poisoned (-1 -> -4)
A: small, carnivore
a: no special abilities


You were on level 4 of the Dungeon.
You were very full.

You visited 1 branch of the dungeon, and saw 4 of its levels.

You collected 177 gold pieces.

Inventory:

Hand Weapons
 a - a +0 dagger (weapon)
 s - a +0 short sword
 x - a +0 mace
Missiles
 e - 5 boomerangs of dispersal
 g - 21 sling bullets
 l - 36 stones (quivered)
 m - 8 javelins
 r - 6 bolts
Armour
 b - a +0 leather armour (worn)
 n - a +2 pair of gloves (worn)
Jewellery
 q - an amulet of reflection (around neck)
 w - a ring of stealth (left hand)
 y - a ring of stealth (right hand)
Wands
 t - a wand of iceblast (8)
Scrolls
 c - 4 scrolls of identify {unknown}
 d - a scroll of blinking
 i - a scroll of remove curse {unknown}
 k - 3 scrolls of teleportation {unknown}
 o - a scroll of immolation {unknown}
 z - a scroll of amnesia {unknown}
Potions
 h - 2 potions of haste {unknown}
 j - a potion of berserk rage {unknown}
 p - 2 potions of curing {unknown}
 u - a potion of might {unknown}
 v - a potion of heal wounds {unknown}
Comestibles
 f - 6 rations


   Skills:
 + Level 2.6 Fighting
 + Level 3.6 Short Blades
 - Level 1.1 Throwing
 - Level 0.7 Armour
 + Level 3.0 Dodging
 * Level 2.3 Stealth
 + Level 2.7 Spellcasting
 * Level 3.4 Translocations


You had one spell level left.
You knew the following spells:

 Your Spells              Type           Power        Failure   Level  Hunger
a - Blink                 Tloc           N/A          11%         2    ##.....
b - Shroud of Golubria    Chrm/Tloc      #.....       22%         2    ##.....
c - Gell's Gravitas       Tloc           ##........   22%         3    ###....

Your spell library contained the following spells:

 Spells                   Type           Power        Failure   Level  Hunger
 Lesser Beckoning         Tloc           ##........   22%         3    ###....
 Teleport Other           Tloc           ##......     22%         3    ###....
 Passage of Golubria      Tloc           N/A          56%         4    #####..


Dungeon Overview and Level Annotations

Branches:
Dungeon (4/15)
 Temple: D:4-7

Altars:


Innate Abilities, Weirdness & Mutations

You are small and have problems with some larger weapons.
You are carnivorous and can eat meat at any time.


Message History

You are lethally poisoned!
The adder poisons you!
You closely miss the adder.
The adder is lightly wounded.
* * * LOW HITPOINT WARNING * * *
You feel sick. The adder misses you.
You closely miss the adder.
The adder is lightly wounded.
The adder barely misses you.
You closely miss the adder.
The adder is lightly wounded.
You block the adder's attack.
You barely miss the adder.
The adder is lightly wounded.
* * * LOW HITPOINT WARNING * * *
You feel sick. You block the adder's attack.
You hit the adder.
The adder is moderately wounded.
The adder bites you.
You die...

#############
########.....(.....#
......##...........#
......##.....$.....#
......##...........#
.###.....#....(....#
.# #.....#.....#c#.#
.###.....#..#..#S#
###......#.....#@#
.##......#####.#.#
...............#.#
.##.####.........#
###..........#####
########........
.....# ###.#####
.....#####.# ...
.....#.....##.#


You could see a centaur and an adder.

Vanquished Creatures
  2 gnolls
  4 oozes
  A worm (D:2)
  A dart slug (D:1)
  2 leopard geckos (D:1)
  2 orcs
  A ball python (D:1)
  2 giant cockroaches
  5 goblins
  4 hobgoblins
  4 kobolds
  5 bats
  2 frilled lizards (D:2)
  3 rats
38 creatures vanquished.

Notes
Turn   | Place    | Note
-------+----------+-------------------------------------------
     0 | D:1      | Gwenloh the Kobold Warper began the quest for the Orb.
     0 | D:1      | Reached XP level 1. HP: 12/12 MP: 3/3
   235 | D:1      | Reached XP level 2. HP: 18/18 MP: 5/5
   239 | D:1      | Learned a level 2 spell: Blink
   242 | D:1      | Learned a level 2 spell: Shroud of Golubria
   261 | D:1      | Reached skill level 1 in Stealth
   445 | D:1      | Reached XP level 3. HP: 20/22 MP: 6/6
  1161 | D:2      | Reached XP level 4. HP: 27/27 MP: 7/7
  1211 | D:2      | Learned a level 3 spell: Gell's Gravitas
  3182 | D:4      | Noticed a centaur
  3228 | D:4      | Slain by an adder

Illustrated notes

Levels and vault maps discovered:
D:1:      minmay_arrival_semitransparent, layout_basic
D:2:      layout_loops_corners, first_ration
D:3:      layout_rooms
D:4:      layout_basic, elyvilon_altar_4, uniq_natasha

Skill      XL: |  1  2  3  4 |
---------------+-------------+-----
Short Blades   | 3 |  3.6
Stealth        | 1 2 |  2.3
Dodging        | 3 |  3.0
Fighting       | |  2.6
Throwing       | |  1.1
Armour         | |  0.7
Spellcasting   | |  2.7
Translocations | |  3.4

Action                   |  1- 3 |  4- 6 || total
-------------------------+-------+-------++-------
Melee: Short sword       |    73 |       ||    73
       Dagger            |    42 |   168 ||   210
Throw: Stone             |    16 |    39 ||    55
 Cast: Shroud of Golubri |     1 |    10 ||    11
       Blink             |     1 |     2 ||     3
 Stab: Sleeping          |     3 |     3 ||     6
  Eat: Chunk             |     8 |     7 ||    15
Armor: Leather armour    |    18 |    25 ||    43
Dodge: Dodged            |    72 |    85 ||   157
Block: Other             |       |     9 ||     9

Table legend:
 A = Non-vault XP
 B = Vault XP
 C = Vault XP percentage of total XP
 D = Non-vault monster count
 E = Vault monster count
 F = Vault count percentage of total count
                 A         B        C        D         E       F
            +---------+---------+-------+---------+---------+-------
      Total |     121 |       0 |   0.0 |      38 |       0 |   0.0
            +---------+---------+-------+---------+---------+-------
        D:1 |      66 |       0 |   0.0 |      19 |       0 |   0.0
        D:2 |      52 |       0 |   0.0 |      18 |       0 |   0.0
        D:3 |       3 |       0 |   0.0 |       1 |       0 |   0.0
            +---------+---------+-------+---------+---------+-------
